[Event "Titled Tuesday Blitz August 15 Early 2023"]
[White "AndresDelgado77"]
[Black "Baghdasaryan, Vahe"]
[BlackFideId "13303139"]
[WhiteElo "2259"]
[BlackElo "2451"]
[Result "1-0"]
[Round "3"]
[TimeControl "180+1"]
[Date "2023.08.15"]
[WhiteClock "0:00:06"]
[BlackClock "0:00:00"]
[Board "205"]

1. e4 e5 2. Nc3 Nf6 3. d4 exd4 4. Qxd4 Nc6 5. Qc4 d6 6. Bg5 Be6 7. Qb5 Rb8 8. O-O-O Be7 9. e5 Ng4 10. Bxe7 Qxe7 11. exd6 cxd6 12. Nh3 O-O 13. Be2 Nge5 14. Nf4 a6 15. Qb6 Qg5 16. g3 Nc4 17. Bxc4 Bxc4 18. Rxd6 Qe5 19. Rhd1 Rfe8 20. h4 Ne7 21. Rd8 Nf5 22. Rxe8+ Rxe8 23. Kb1 Qe7 24. Ncd5 Bxd5 25. Nxd5 Qe5 26. Qxb7 Nd4 27. Ne3 Nb5 28. Qd5 1-0


[Site "https://www.chess.com"]

[Event "Titled Tuesday Blitz August 15 Early 2023"]
[White "Sanhueza, Cristian"]
[Black "Efremov, Vladislav"]
[WhiteFideId "116815"]
[BlackFideId "44159935"]
[WhiteElo "2437"]
[BlackElo "2256"]
[Result "0-1"]
[Round "3"]
[TimeControl "180+1"]
[Date "2023.08.15"]
[WhiteClock "0:00:40"]
[BlackClock "0:01:28"]
[Board "206"]

1. e4 c5 2. Nf3 d6 3. d4 cxd4 4. Nxd4 Nf6 5. Nc3 a6 6. Be3 e6 7. g4 d5 8. exd5 Nxd5 9. Nxd5 Qxd5 10. Qf3 Qxf3 11. Nxf3 Nc6 12. O-O-O e5 13. Rg1 Be7 14. Bc4 O-O 15. h4 Rd8 16. Bb6 Rxd1+ 17. Kxd1 e4 18. Ng5 Ne5 19. Be2 h6 20. Nxe4 Bxh4 21. f4 Nxg4 22. Rxg4 Bxg4 23. Bxg4 g6 24. f5 h5 25. Bh3 Re8 26. Nd6 Re1+ 27. Kd2 Rh1 28. fxg6 Rh2+ 29. Kd1 Rxh3 30. gxf7+ Kf8 31. Bc5 Be7 32. Nxb7 Bxc5 33. Nxc5 Kxf7 34. Ne4 Re3 35. Nf2 h4 36. Kd2 Rg3 37. Ke2 h3 38. c4 h2 0-1


[Site "https://www.chess.com"]

[Event "Titled Tuesday Blitz August 15 Early 2023"]
[White "Fajdetic, Hrvoje"]
[Black "Kielinkei"]
[WhiteFideId "14501945"]
[WhiteElo "2248"]
[BlackElo "2429"]
[Result "1-0"]
[Round "3"]
[TimeControl "180+1"]
[Date "2023.08.15"]
[WhiteClock "0:00:07"]
[BlackClock "0:00:04"]
[Board "207"]

1. f4 d5 2. b3 Nf6 3. Bb2 g6 4. Nf3 Bg7 5. e3 O-O 6. Be2 c5 7. O-O Nc6 8. d3 c4 9. Bxf6 Bxf6 10. d4 cxb3 11. axb3 Bf5 12. c4 e6 13. Nc3 Qd7 14. Ne5 Nxe5 15. fxe5 Bg5 16. Qd2 h5 17. Nb5 f6 18. Nd6 fxe5 19. dxe5 Bh6 20. Nxf5 Rxf5 21. Rxf5 gxf5 22. Bxh5 d4 23. Qxd4 Qxd4 24. exd4 Be3+ 25. Kf1 Bxd4 26. Rd1 Bxe5 27. Rd7 b6 28. Bf7+ Kf8 29. Bxe6 Bxh2 30. Bxf5 a5 31. g4 a4 32. bxa4 Rxa4 33. Be6 Be5 34. g5 Ra3 35. Rf7+ Ke8 36. g6 Rg3 37. Kf2 Rxg6 38. Bd5 Bd4+ 39. Kf3 Kd8 40. Ke4 Bc5 41. Kf5 Rg1 42. Ke6 Re1+ 43. Kf5 Rd1 44. Ke6 Re1+ 45. Kf5 Bd6 46. Rb7 Bc7 47. Kf6 Rf1+ 48. Ke6 Kc8 49. Ra7 Re1+ 50. Kf7 Rd1 51. Bc6 Kb8 52. Ra8# 1-0


[Site "https://www.chess.com"]

[Event "Titled Tuesday Blitz August 15 Early 2023"]
[White "Gheorghiu, Calin"]
[Black "Kula, Robert"]
[WhiteFideId "1200305"]
[BlackFideId "1101218"]
[WhiteElo "2406"]
[BlackElo "2241"]
[Result "1/2-1/2"]
[Round "3"]
[TimeControl "180+1"]
[Date "2023.08.15"]
[WhiteClock "0:00:08"]
[BlackClock "0:00:28"]
[Board "208"]

1. e4 e5 2. Nf3 Nc6 3. Bb5 Nd4 4. Bc4 Nxf3+ 5. Qxf3 Qf6 6. Qb3 c6 7. a4 Bc5 8. O-O Ne7 9. Qg3 d6 10. d3 h6 11. Be3 O-O 12. c3 Qg6 13. Bxc5 Qxg3 14. hxg3 dxc5 15. a5 g6 16. Nd2 Kg7 17. Nb3 Rb8 18. Nxc5 b5 19. Bb3 b4 20. f4 exf4 21. gxf4 bxc3 22. bxc3 Bg4 23. Rf2 Rfd8 24. d4 h5 25. a6 h4 26. Nb7 Rh8 27. Bc4 h3 28. g3 Bd7 29. Nd6 Be6 30. Bxe6 fxe6 31. Raa2 Rb3 32. Rfc2 g5 33. Rab2 Rhb8 34. Nb7 Ra3 35. Nc5 Rh8 36. Rb7 h2+ 37. Rxh2 Ra1+ 38. Kf2 Ra2+ 39. Ke3 Rhxh2 40. Rxe7+ Kf6 41. Rxe6+ Kf7 42. Rxc6 g4 43. Rc7+ Ke8 44. Rxa7 Rhg2 45. Kd3 Rxg3+ 46. Kc4 Rc2 47. Na4 Ra2 48. Kb5 Rg1 49. Ra8+ Ke7 50. a7 Rb1+ 51. Ka5 Rba1 52. Re8+ Kf7 53. Rf8+ Kg7 54. Rg8+ Kf7 55. Rf8+ Ke7 56. Re8+ Kd7 57. Rd8+ Ke7 58. Re8+ 1/2-1/2


[Site "https://www.chess.com"]

[Event "Titled Tuesday Blitz August 15 Early 2023"]
[White "agvania123"]
[Black "Buscar, Michael"]
[BlackFideId "2603616"]
[WhiteElo "2241"]
[BlackElo "2401"]
[Result "1/2-1/2"]
[Round "3"]
[TimeControl "180+1"]
[Date "2023.08.15"]
[WhiteClock "0:01:42"]
[BlackClock "0:01:19"]
[Board "209"]

1. c4 Nf6 2. Nc3 e6 3. Nf3 d5 4. cxd5 exd5 5. d4 c5 6. Bg5 Nc6 7. e3 Be7 8. Bb5 O-O 9. O-O Bg4 10. dxc5 Bxc5 11. h3 Bh5 12. Be2 h6 13. Bxf6 Qxf6 14. Qxd5 Bxf3 15. Bxf3 Bb4 16. Qc4 Rac8 17. Bxc6 Bxc3 18. Qxc3 Qxc3 19. bxc3 Rxc6 20. Rab1 b6 21. Rb3 Rfc8 22. Rc1 Rc4 23. Kf1 R8c5 24. Ke2 h5 25. f3 h4 26. e4 Ra4 27. Rc2 Rca5 28. Rbb2 Rg5 29. Kf2 1/2-1/2


[Site "https://www.chess.com"]

[Event "Titled Tuesday Blitz August 15 Early 2023"]
[White "Schachpanda_Youtube"]
[Black "KorolDimitriy75"]
[WhiteElo "2240"]
[BlackElo "2400"]
[Result "0-1"]
[Round "3"]
[TimeControl "180+1"]
[Date "2023.08.15"]
[WhiteClock "0:00:15"]
[BlackClock "0:00:15"]
[Board "210"]

1. e4 c5 2. d4 cxd4 3. c3 d5 4. exd5 Qxd5 5. cxd4 Nc6 6. Nf3 e5 7. Nc3 Bb4 8. Bd2 Bxc3 9. Bxc3 e4 10. Nd2 Nf6 11. Bc4 Qg5 12. Qb3 O-O 13. O-O-O a6 14. h4 Qf5 15. d5 Ne5 16. Be2 b5 17. g4 Nfxg4 18. Rdg1 h5 19. d6 Be6 20. Qc2 Bd5 21. Nf1 Qxf2 22. Bxe5 Nxe5 23. Bxh5 Rfc8 0-1


[Site "https://www.chess.com"]

[Event "Titled Tuesday Blitz August 15 Early 2023"]
[White "Rivas Garcia, Victor"]
[Black "Lorenzo De La Riva, Lazaro"]
[WhiteFideId "2217740"]
[BlackFideId "2268809"]
[WhiteElo "2237"]
[BlackElo "2399"]
[Result "0-1"]
[Round "3"]
[TimeControl "180+1"]
[Date "2023.08.15"]
[WhiteClock "0:00:07"]
[BlackClock "0:00:35"]
[Board "211"]

1. e4 Nc6 2. Nf3 d6 3. d4 e5 4. Bb5 Bd7 5. Nc3 Nf6 6. O-O Be7 7. Re1 exd4 8. Nxd4 O-O 9. h3 Re8 10. Bxc6 bxc6 11. Qf3 c5 12. Nf5 Bxf5 13. Qxf5 Nd7 14. Nd5 Bf6 15. Nxf6+ Nxf6 16. Bg5 Re5 17. Bxf6 gxf6 18. Qf4 Qe7 19. Kf1 Rb8 20. b3 Re8 21. f3 Kh8 22. Qg3 Rg8 23. Qf4 Reg5 24. Re2 Qe5 25. Qxe5 fxe5 26. a4 a5 27. Rd1 Kg7 28. g4 Kf6 29. h4 R5g7 30. Red2 h5 31. g5+ Ke6 32. Rf2 Rg6 33. Rd5 f6 34. f4 exf4 35. Rxf4 fxg5 36. hxg5 Rxg5 37. Rxg5 Rxg5 38. Ke2 Rg4 39. Rf8 Rxe4+ 40. Kf3 Rh4 41. Ra8 Rh2 42. Rxa5 Rxc2 0-1


[Site "https://www.chess.com"]

[Event "Titled Tuesday Blitz August 15 Early 2023"]
[White "Luxama, Jacques Muller"]
[Black "Namitbir Singh Walia"]
[WhiteFideId "11900113"]
[BlackFideId "35071068"]
[WhiteElo "2229"]
[BlackElo "2399"]
[Result "0-1"]
[Round "3"]
[TimeControl "180+1"]
[Date "2023.08.15"]
[WhiteClock "0:00:34"]
[BlackClock "0:00:10"]
[Board "212"]

1. e4 c5 2. Nf3 Nc6 3. c3 d5 4. exd5 Qxd5 5. d4 Nf6 6. Na3 e6 7. Nb5 Qd8 8. Bf4 Nd5 9. Bg3 a6 10. c4 axb5 11. cxd5 Qxd5 12. Bxb5 cxd4 13. Nxd4 Bb4+ 14. Kf1 O-O 15. Bxc6 bxc6 16. Nc2 Qb5+ 17. Kg1 Be7 18. b3 Bf6 19. Rb1 Rd8 20. Qc1 Rxa2 21. h4 Qh5 22. Kh2 e5 23. Re1 Bxh4 24. Bxh4 Qxh4+ 25. Kg1 Bf5 26. Re2 Bg4 27. f3 Bf5 28. Ra1 Rxa1 29. Nxa1 Qd4+ 30. Kh2 c5 31. Nc2 Qd6 32. Ne3 Bd3 33. Rd2 e4+ 34. Kg1 exf3 35. gxf3 Qd4 36. Rf2 h6 37. Ng4 Bf5 38. Ne3 Be6 39. Nc4 Ra8 40. Kg2 Ra1 41. Qd2 Qh4 42. Qd8+ Qxd8 43. Rd2 Qg5+ 44. Kf2 Qg1+ 45. Ke2 Qf1+ 46. Ke3 Re1+ 47. Kf4 Bxc4 48. Rd8+ Kh7 49. bxc4 g5+ 50. Kf5 Qxf3# 0-1


[Site "https://www.chess.com"]

[Event "Titled Tuesday Blitz August 15 Early 2023"]
[White "Hoffmann, Asa"]
[Black "Vaglio Munoz, Jaime"]
[WhiteFideId "2001470"]
[BlackFideId "6500145"]
[WhiteElo "2397"]
[BlackElo "2222"]
[Result "1-0"]
[Round "3"]
[TimeControl "180+1"]
[Date "2023.08.15"]
[WhiteClock "0:00:18"]
[BlackClock "0:00:45"]
[Board "213"]

1. d4 c5 2. dxc5 e5 3. Nc3 Bxc5 4. Ne4 d5 5. Nxc5 Qa5+ 6. c3 Qxc5 7. Nf3 Nc6 8. g3 Nf6 9. Bg2 O-O 10. O-O Bg4 11. h3 Bh5 12. Qb3 b5 13. Be3 d4 14. cxd4 exd4 15. Rac1 Qb6 16. Rxc6 Qxc6 17. Nxd4 Qb6 18. Bxa8 Rxa8 19. Nxb5 Qb7 20. Nc3 Qa6 21. g4 Bg6 22. Rd1 h5 23. g5 Ne4 24. Qd5 Re8 25. Nxe4 Rxe4 26. Rd2 Qc8 27. Qd8+ Qxd8 28. Rxd8+ Kh7 29. Rd7 Ra4 30. a3 a6 31. Kg2 h4 32. f3 Rc4 33. Rd4 Rc2 34. Rxh4+ Kg8 35. Rb4 Bd3 36. Kg3 Bxe2 37. Bd4 Kh7 38. Rb7 Kg6 39. h4 Bf1 40. h5+ Kxh5 41. Rxf7 Kg6 42. Rxg7+ Kf5 43. Rf7+ Kxg5 44. f4+ Kg6 45. Rf6+ Kh5 46. f5 Rc4 47. Bc3 Rg4+ 48. Kf3 Bg2+ 49. Ke3 Re4+ 50. Kd3 Kg4 51. Rg6+ Kxf5 52. Rxg2 Re6 53. Rf2+ Kg4 54. Bd4 Rd6 55. Rf6 Rd5 56. Rxa6 Kf4 57. b4 Rd8 58. Rf6+ Kg5 59. a4 Ra8 60. a5 Kg4 61. a6 Kg5 62. a7 Rxa7 63. Bxa7 Kxf6 64. Kd4 Ke6 65. Kc5 Kd7 66. Kb6 Kc8 67. b5 Kd8 68. Kb7 Kd7 69. Bc5 Ke6 70. Kc7 Kd5 71. b6 Kxc5 72. b7 Kb5 73. b8=Q+ Kc5 74. Qb2 Kc4 75. Kd6 Kd3 76. Kd5 Ke3 77. Qc3+ Kf4 78. Qd3 Kg4 79. Qe3 Kf5 80. Qf3+ Kg6 81. Ke5 Kg5 82. Qg3+ Kh6 83. Kf6 Kh7 84. Qg7# 1-0


[Site "https://www.chess.com"]

[Event "Titled Tuesday Blitz August 15 Early 2023"]
[White "Fernandez Garcia, Gumersindo"]
[Black "Fernandez Hernandez, Gerardo"]
[WhiteFideId "24516740"]
[BlackFideId "2207400"]
[WhiteElo "2393"]
[BlackElo "2218"]
[Result "1-0"]
[Round "3"]
[TimeControl "180+1"]
[Date "2023.08.15"]
[WhiteClock "0:00:46"]
[BlackClock "0:00:00"]
[Board "214"]

1. e4 e6 2. d4 d5 3. Bd3 c5 4. exd5 exd5 5. dxc5 Bxc5 6. Nf3 Ne7 7. O-O h6 8. Nc3 Nbc6 9. a3 Bg4 10. h3 Bh5 11. Re1 O-O 12. b4 Bd4 13. Bb2 Bf6 14. Rb1 Ne5 15. g4 Nxd3 16. Qxd3 Bg6 17. Qd2 Rc8 18. Nd4 Rc4 19. Nce2 Qc8 20. Rbc1 Nc6 21. Nxc6 Qxc6 22. Bxf6 Qxf6 23. Qxd5 Rxc2 24. Rxc2 Bxc2 25. Ng3 b6 26. Nh5 Qg6 27. Qe5 Rc8 28. Nf4 Qc6 29. Nd5 Kf8 30. Ne7 1-0


[Site "https://www.chess.com"]

[Event "Titled Tuesday Blitz August 15 Early 2023"]
[White "MarijaKuznecova"]
[Black "Yuruultei Batbaatar"]
[BlackFideId "4905962"]
[WhiteElo "2386"]
[BlackElo "2211"]
[Result "0-1"]
[Round "3"]
[TimeControl "180+1"]
[Date "2023.08.15"]
[WhiteClock "0:00:00"]
[BlackClock "0:00:03"]
[Board "215"]

1. e4 c5 2. Nf3 e6 3. d4 cxd4 4. Nxd4 Nc6 5. Nc3 Qc7 6. Be3 a6 7. Qd2 Nf6 8. O-O-O Be7 9. f3 O-O 10. g4 b5 11. h4 Ne5 12. h5 Bb4 13. g5 Ne8 14. f4 Ng4 15. f5 Nxe3 16. Qxe3 Bxc3 17. bxc3 Qa5 18. g6 fxg6 19. hxg6 h6 20. e5 Qa3+ 21. Kd2 exf5 22. Rxh6 gxh6 23. Qxh6 Qe7 24. Bd3 Qg7 25. Qh5 d6 26. e6 Nf6 27. Qg5 Ne4+ 28. Bxe4 fxe4 29. Nf5 Rxf5 30. Qxf5 Bb7 31. Rh1 Rf8 32. e7 Qxe7 33. Rh7 Rxf5 34. Rxe7 Bc6 35. Rc7 Bd5 36. Rd7 Rf6 37. Ra7 Rxg6 38. Rxa6 Kf7 39. Ke3 Rg3+ 40. Kd4 Ke6 41. a4 bxa4 42. Rxa4 Rg1 43. c4 Rd1+ 44. Ke3 Bc6 45. Ra6 Be8 46. c5 Ke5 47. Rxd6 Re1+ 48. Kd2 Rh1 49. Rd8 Rh2+ 50. Ke3 Rh3+ 51. Kf2 Bh5 0-1


[Site "https://www.chess.com"]

[Event "Titled Tuesday Blitz August 15 Early 2023"]
[White "KSho99"]
[Black "Jakubowska, Anna"]
[BlackFideId "1121952"]
[WhiteElo "2207"]
[BlackElo "2382"]
[Result "0-1"]
[Round "3"]
[TimeControl "180+1"]
[Date "2023.08.15"]
[WhiteClock "0:00:00"]
[BlackClock "0:00:15"]
[Board "216"]

1. d4 f5 2. Nc3 d5 3. Bf4 Nf6 4. e3 c6 5. Bd3 g6 6. Nf3 Bg7 7. Ne5 Be6 8. h4 Nbd7 9. h5 Nxe5 10. dxe5 Nxh5 11. Rxh5 gxh5 12. Qxh5+ Bf7 13. Qxf5 e6 14. Qg4 Rg8 15. Bxh7 Qd7 16. Bxg8 Bxg8 17. Qg6+ Qf7 18. Qxf7+ Kxf7 19. g4 Bh7 20. Kd2 b5 21. Rh1 Bg6 22. Bg3 b4 23. Ne2 Be4 24. Rh4 c5 25. Ng1 Rd8 26. f3 Bg6 27. Nh3 d4 28. e4 c4 29. Ng5+ Ke7 30. Nh7 d3 31. Nf6 dxc2+ 32. Kxc2 Bxf6 33. exf6+ Kxf6 34. Rh6 Kg5 35. Rh2 Rf8 0-1


[Site "https://www.chess.com"]

[Event "Titled Tuesday Blitz August 15 Early 2023"]
[White "Zaichenko, Daria"]
[Black "Cheer_Down"]
[WhiteFideId "4197453"]
[WhiteElo "2204"]
[BlackElo "2381"]
[Result "1-0"]
[Round "3"]
[TimeControl "180+1"]
[Date "2023.08.15"]
[WhiteClock "0:01:11"]
[BlackClock "0:00:52"]
[Board "217"]

1. e4 c5 2. Nf3 d6 3. d4 cxd4 4. Nxd4 Nf6 5. Nc3 a6 6. Be2 e5 7. Nb3 Be7 8. Be3 Be6 9. Qd3 Nc6 10. O-O d5 11. exd5 Nb4 12. Qd2 Nbxd5 13. Nxd5 Qxd5 14. Qxd5 Nxd5 15. Bc5 O-O-O 16. c4 Nf4 17. Bf3 Rhe8 18. Bb6 Rd7 19. c5 Bxb3 20. axb3 f5 21. c6 bxc6 22. Bxc6 Ne2+ 23. Kh1 Rd6 24. Bxe8 Rxb6 25. Bf7 Nd4 26. Ra5 Bf6 27. Rc1+ Kb7 28. Bd5+ Kb8 29. Rac5 Nb5 30. Rc8+ Ka7 31. Ra8# 1-0


[Site "https://www.chess.com"]

[Event "Titled Tuesday Blitz August 15 Early 2023"]
[White "Mirzanurov, Bulat"]
[Black "Slovineanu, Viacheslav"]
[WhiteFideId "4184521"]
[BlackFideId "13900510"]
[WhiteElo "2201"]
[BlackElo "2380"]
[Result "1-0"]
[Round "3"]
[TimeControl "180+1"]
[Date "2023.08.15"]
[WhiteClock "0:00:05"]
[BlackClock "0:00:00"]
[Board "218"]

1. e4 c6 2. d4 d5 3. exd5 cxd5 4. Nf3 Nf6 5. Ne5 Nc6 6. c3 e6 7. Nd2 Nxe5 8. dxe5 Nd7 9. Nf3 Qc7 10. Bf4 a6 11. Bd3 h6 12. h4 b5 13. Qe2 Bb7 14. O-O Nc5 15. Nd4 Be7 16. h5 Nxd3 17. Qxd3 Qc4 18. Qg3 Bf8 19. b3 Qc7 20. Rac1 Qb6 21. Be3 Qa5 22. f4 O-O-O 23. c4 dxc4 24. bxc4 Kb8 25. cxb5 axb5 26. Nc6+ Bxc6 27. Rxc6 Qxa2 28. Rb6+ Kc8 29. Rc1+ Kd7 30. Rxb5 Ke8 31. Qf3 Be7 32. Qc6+ Kf8 33. Rb7 Qe2 34. Bc5 Bxc5+ 35. Qxc5+ Kg8 36. Qc7 Rf8 37. Ra1 Qe3+ 38. Kh1 Qxf4 39. Kg1 Qe3+ 40. Kh1 Qg5 41. Raa7 Qxh5+ 42. Kg1 g5 43. Rb8 Kg7 44. Rxf8 Rxf8 45. Qe7 Qg6 46. Ra6 Rc8 47. Rd6 Rc1+ 48. Kf2 Qf5+ 49. Ke2 Rc2+ 50. Kd1 1-0


[Site "https://www.chess.com"]

[Event "Titled Tuesday Blitz August 15 Early 2023"]
[White "Lacasa Diaz, Jose Antonio"]
[Black "Putri, Regita Desyari"]
[WhiteFideId "2203375"]
[BlackFideId "7109083"]
[WhiteElo "2378"]
[BlackElo "2201"]
[Result "1-0"]
[Round "3"]
[TimeControl "180+1"]
[Date "2023.08.15"]
[WhiteClock "0:00:18"]
[BlackClock "0:00:08"]
[Board "219"]

1. e4 e5 2. Nf3 Nc6 3. Bb5 a6 4. Bxc6 dxc6 5. O-O Bg4 6. h3 h5 7. d3 Bxf3 8. Qxf3 Qd7 9. Be3 O-O-O 10. Nd2 f6 11. Nc4 Kb8 12. a3 g5 13. Qe2 g4 14. h4 Nh6 15. g3 Bg7 16. b4 f5 17. Bg5 Rde8 18. Bxh6 Rxh6 19. exf5 Qxf5 20. Qe4 Qd7 21. Rfe1 Qd5 22. Rad1 Rhe6 23. Ne3 Qd7 24. Nf5 Bf8 25. Re2 Rf6 26. Ne3 Rf3 27. Nc4 Bd6 28. Re3 Ref8 29. Rxf3 gxf3 30. Kh2 Qe6 31. Nxd6 cxd6 32. d4 Qc4 33. Qd3 Qxd3 34. Rxd3 e4 35. Re3 d5 36. Kh3 Rg8 37. Re1 Kc7 38. Rg1 Rg4 39. Re1 Kd6 40. c3 b6 41. Re3 Rg6 42. Re1 Rg4 43. Re3 c5 44. Re1 c4 45. Re3 Kc6 46. Re1 Kb5 47. a4+ Kxa4 48. Ra1+ Kb5 49. Ra2 a5 50. bxa5 bxa5 51. Rb2+ Ka4 52. Rb6 Rg7 53. Rd6 Kb3 54. Rxd5 Kxc3 55. Rxh5 Kxd4 56. Rxa5 Kd3 57. Ra3+ c3 58. h5 Kd2 59. g4 c2 60. Ra2 Kd1 61. Rxc2 Kxc2 62. h6 Rh7 63. g5 Kd2 64. Kg4 Ke2 65. Kh5 Kxf2 66. g6 Rh8 67. g7 Rb8 68. h7 Ke2 69. g8=Q f2 70. Qxb8 f1=Q 71. Qb5+ Ke1 72. Qxf1+ Kxf1 73. h8=Q 1-0


[Site "https://www.chess.com"]

[Event "Titled Tuesday Blitz August 15 Early 2023"]
[White "Tqebuchava, Zurab"]
[Black "Rietze, Clemens, Dr."]
[WhiteFideId "13601113"]
[BlackFideId "24620351"]
[WhiteElo "2200"]
[BlackElo "2374"]
[Result "0-1"]
[Round "3"]
[TimeControl "180+1"]
[Date "2023.08.15"]
[WhiteClock "0:00:00"]
[BlackClock "0:00:21"]
[Board "220"]

1. e4 c5 2. Nf3 Nc6 3. Bb5 e6 4. Bxc6 bxc6 5. e5 f6 6. exf6 Nxf6 7. O-O Be7 8. b3 O-O 9. Bb2 d6 10. d4 cxd4 11. Nxd4 Bd7 12. c4 e5 13. Nc2 Bg4 14. Qe1 Qb6 15. Ne3 Be6 16. Nc3 Rae8 17. Rd1 Kh8 18. Ba3 Rd8 19. c5 dxc5 20. Na4 Qb5 21. Qc3 Nd5 22. Qxe5 Nf4 23. Rxd8 Bxd8 24. Qxc5 Rf7 25. Qxb5 cxb5 26. Nc5 Bc8 27. Rd1 Bb6 28. Nd5 Nxd5 29. Rxd5 h6 30. h3 Kh7 31. Nd3 a6 32. Bc5 Bc7 33. Bd6 Bb6 34. Bg3 Bf5 35. Ne5 Rc7 36. Rd6 Rc1+ 37. Kh2 Bc7 38. Rc6 Rxc6 39. Nxc6 Bb6 40. Bd6 Bb1 41. Nb4 a5 42. Nd5 Bd4 43. a4 bxa4 44. bxa4 Bxf2 45. Bc7 Be1 46. Ne3 Bd3 47. Nd1 Bc2 48. Nb2 Bc3 49. Nc4 Bxa4 50. Bxa5 Bd4 51. Bb4 Bb5 52. Nd2 Be5+ 53. Kg1 Bc6 54. Kf2 Bd4+ 55. Kf1 h5 56. Nf3 Bb5+ 57. Ke1 Bf6 58. Kf2 g5 59. Bd2 Kg6 60. Ne1 Bd4+ 61. Kg3 Be5+ 62. Kf2 Bc6 63. Nf3 Bf6 64. Be3 Be4 65. Bd2 g4 66. hxg4 hxg4 67. Ne1 Bd4+ 68. Be3 Bc3 0-1


[Site "https://www.chess.com"]

[Event "Titled Tuesday Blitz August 15 Early 2023"]
[White "Feliz Dotel, Dewar Bienvenido"]
[Black "Gu, Xiaobing"]
[WhiteFideId "6402801"]
[BlackFideId "8602611"]
[WhiteElo "2198"]
[BlackElo "2374"]
[Result "0-1"]
[Round "3"]
[TimeControl "180+1"]
[Date "2023.08.15"]
[WhiteClock "0:00:00"]
[BlackClock "0:00:05"]
[Board "221"]

1. d4 Nf6 2. e3 d5 3. Nf3 Bg4 4. h3 Bh5 5. g4 Bg6 6. Ne5 Nfd7 7. h4 f6 8. h5 Nxe5 9. dxe5 Bf7 10. exf6 exf6 11. Nc3 Bb4 12. Bd2 Nc6 13. Bb5 Qd7 14. a3 Bd6 15. Qf3 a6 16. Bxc6 Qxc6 17. h6 O-O 18. hxg7 Kxg7 19. O-O-O b5 20. Rdg1 a5 21. g5 Bg6 22. gxf6+ Rxf6 23. Qh5 Kf7 24. Rxg6 hxg6 25. Qh7+ Ke6 26. Qh3+ Ke7 27. Qg4 b4 28. Rh7+ Rf7 29. Qg5+ Ke8 30. Rxf7 Kxf7 31. Nxd5 Bf8 32. Qf4+ Kg8 33. Nf6+ Kg7 34. Ne4 Rd8 35. Qe5+ Kg8 36. Nf6+ Kf7 0-1


[Site "https://www.chess.com"]

[Event "Titled Tuesday Blitz August 15 Early 2023"]
[White "Topalov, Aleksandar"]
[Black "Cueto, Jonny"]
[WhiteFideId "925659"]
[BlackFideId "3300145"]
[WhiteElo "2373"]
[BlackElo "2164"]
[Result "0-1"]
[Round "3"]
[TimeControl "180+1"]
[Date "2023.08.15"]
[WhiteClock "0:00:03"]
[BlackClock "0:00:04"]
[Board "222"]

1. b3 e6 2. Bb2 Nf6 3. Nf3 b6 4. g3 Bb7 5. Bg2 d6 6. O-O Nbd7 7. d3 Be7 8. Nbd2 O-O 9. e4 e5 10. Nh4 a5 11. Nf5 g6 12. Nxe7+ Qxe7 13. a3 d5 14. exd5 Bxd5 15. Re1 Bxg2 16. Kxg2 Qc5 17. Nc4 Rfe8 18. Kg1 b5 19. Nd2 Nb6 20. Rc1 Rad8 21. Qf3 Nh5 22. Ne4 Qc6 23. Qe2 Ng7 24. Qe3 Nf5 25. Qg5 h6 26. Nf6+ Kh8 27. Nxe8 hxg5 28. Bxe5+ Kg8 29. Nf6+ Kf8 30. Nh7+ Kg8 31. Nf6+ Kf8 32. Nh7+ Ke7 33. Nf6 Nd5 34. Bxc7+ Kxf6 35. Bxd8+ Kg7 36. c4 Nf6 37. Bxf6+ Kxf6 38. Re4 b4 39. axb4 axb4 40. Rce1 Qa6 41. d4 Qa2 42. d5 Qxb3 43. g4 Nh4 44. d6 Nf3+ 45. Kf1 Nxe1 46. Rxe1 Qd3+ 47. Kg1 Qxd6 48. Rc1 b3 49. Rb1 Qd3 50. Rc1 b2 0-1


[Site "https://www.chess.com"]

[Event "Titled Tuesday Blitz August 15 Early 2023"]
[White "Baruch, Liam"]
[Black "Der_Balak_3Halak"]
[WhiteFideId "14322064"]
[WhiteElo "2157"]
[BlackElo "2373"]
[Result "0-1"]
[Round "3"]
[TimeControl "180+1"]
[Date "2023.08.15"]
[WhiteClock "0:00:12"]
[BlackClock "0:00:32"]
[Board "223"]

1. e4 g6 2. d4 Nf6 3. Nc3 d5 4. e5 Ne4 5. Nxe4 dxe4 6. c3 f6 7. exf6 exf6 8. Bc4 Nd7 9. Ne2 Bd6 10. Ng3 f5 11. Qb3 Qe7 12. O-O Nb6 13. h4 a5 14. Bg5 Qg7 15. Bb5+ Bd7 16. Bxd7+ Qxd7 17. c4 a4 18. Qc3 O-O 19. c5 Nd5 20. Qc4 Bxg3 21. fxg3 c6 22. b3 axb3 23. axb3 Qe6 24. Ra4 Rxa4 25. Qxa4 e3 26. Qc4 Kg7 27. Re1 Qe4 28. Qe2 Re8 29. Qb2 e2 30. Kh2 h6 31. Bd2 f4 32. gxf4 Nxf4 33. d5+ Kh7 34. Bxf4 Qxf4+ 35. Kh1 Qf1+ 36. Kh2 Qxe1 37. Qf6 Rg8 38. dxc6 bxc6 39. h5 Qb1 40. Qf7+ Rg7 41. hxg6+ Qxg6 42. Qf2 Qxg2+ 43. Qxg2 Rxg2+ 44. Kxg2 e1=Q 45. b4 Qc3 46. b5 Qxc5 47. bxc6 Qxc6+ 48. Kh3 Kg6 49. Kh2 Kg5 50. Kg1 Kg4 51. Kh2 Qc2+ 52. Kg1 Kg3 53. Kf1 Qd1# 0-1


[Site "https://www.chess.com"]

[Event "Titled Tuesday Blitz August 15 Early 2023"]
[White "campochess"]
[Black "Amanov, Zhanibek"]
[BlackFideId "13700189"]
[WhiteElo "2156"]
[BlackElo "2360"]
[Result "1-0"]
[Round "3"]
[TimeControl "180+1"]
[Date "2023.08.15"]
[WhiteClock "0:01:24"]
[BlackClock "0:00:00"]
[Board "224"]

1. d4 d5 2. Bg5 f6 3. Bd2 c5 4. e3 Nc6 5. c4 e5 6. cxd5 Qxd5 7. Nc3 Qd8 8. d5 Nb4 9. e4 f5 10. a3 Na6 11. Bb5+ Bd7 12. exf5 Nc7 13. Qh5+ Ke7 14. d6+ Kxd6 15. Qf7 Nxb5 16. Nxb5+ Bxb5 17. O-O-O Qe7 18. Bg5+ Kc7 19. Bxe7 Nxe7 20. Nf3 e4 21. Ne5 a5 22. f6 gxf6 23. Qxf6 Rg8 24. Nf7 Nc6 25. Qf4+ Kb6 26. Rd7 Rc8 27. Rhd1 Nd4 28. R7xd4 cxd4+ 29. Kb1 Bd3+ 30. Ka1 Bc5 31. Qf6+ Rc6 32. Qf5 Rxg2 33. f3 e3 34. Qxd3 e2 35. Re1 Re6 36. Ng5 Rxg5 37. Rxe2 Rg1+ 38. Ka2 Rxe2 39. Qxe2 Rg6 40. f4 Rd6 41. Qd3 Re6 42. f5 Re3 43. Qc4 d3 44. Qd5 Re2 45. f6 d2 46. f7 Rf2 47. Kb3 Be3 48. Qe6+ 1-0


[Site "https://www.chess.com"]

[Event "Titled Tuesday Blitz August 15 Early 2023"]
[White "Quispe Santacruz, Javier"]
[Black "arturdailima"]
[WhiteFideId "3800920"]
[WhiteElo "2153"]
[BlackElo "2358"]
[Result "0-1"]
[Round "3"]
[TimeControl "180+1"]
[Date "2023.08.15"]
[WhiteClock "0:01:39"]
[BlackClock "0:01:27"]
[Board "225"]

1. d4 Nf6 2. c4 g6 3. Nc3 Bg7 4. e4 d6 5. Nf3 O-O 6. Be2 e5 7. dxe5 dxe5 8. Qxd8 Rxd8 9. Bg5 Re8 10. Nd5 Nxd5 11. cxd5 c6 12. Bc4 cxd5 13. Bxd5 Nd7 14. Nd2 Nb6 15. Bb3 Be6 16. Bxe6 Rxe6 17. Rc1 Rc8 18. Rxc8+ Nxc8 19. Ke2 Rc6 20. Nb3 Nd6 21. Rd1 h6 22. Be3 Nxe4 23. Bxa7 Ra6 24. Rd8+ Kh7 25. f3 Rxa7 26. fxe4 Rxa2 27. Rd7 Rxb2+ 28. Nd2 h5 29. Rxf7 Kg8 30. Re7 Bh6 31. Rd7 h4 32. g3 h3 33. Kd1 Rxd2+ 34. Rxd2 Bxd2 35. Kxd2 Kf7 36. Kd3 Kf6 37. Kc4 Kg5 38. Kb4 Kg4 0-1


[Site "https://www.chess.com"]